 Dungeon Sprint DCSS version 0.17-a0-1718-g72dbe4d (webtiles) character file.

14512 Kidiri the Unseen (level 11, 0/47 HPs)
             Began as a Spriggan Enchanter on Aug 26, 2015.
             Was the Champion of Dithmenos.
             Slain by an anaconda (14 damage)
             ... in the Dungeon (Sprint III: "The Ten Rune Challenge").
             The game lasted 00:09:57 (2130 turns).

Kidiri the Unseen (Spriggan Enchanter)              Turns: 2130, Time: 00:09:57

Health: 0/47       AC:  3    Str:  6    XL:     11   Next: 89%
Magic:  28/31      EV: 32    Int: 19    God:    Dithmenos [******]
Gold:   41         SH:  0    Dex: 20    Spells: 5 memorised, 29 levels left

rFire  . . .     SeeInvis +     a - +1 dagger
rCold  + . .     Clarity  .     b - +1 robe {rC+}
rNeg   . . .     SustAt   .     (shield restricted)
rPois  .         Gourm    .     (helmet restricted)
rElec  .         Spirit   .     (no cloak)
rCorr  .         Warding  .     (gloves unavailable)
rMut   .         NoTele   +     (boots unavailable)
MR     +....                    (no amulet)
Stlth  ++++++++++               (no ring)
                                (no ring)

@: lethally poisoned (0 -> -14), wreathed by umbra, constricted, very quick,
somewhat resistant to hostile enchantments, uncannily stealthy
A: unfitting armour, talons 1, see invisible, clever 1, herbivore 3, speed 3,
slow metabolism 2, strong 1
a: Shadow Step, Shadow Form, Renounce Religion


You were in the Dungeon.
You worshipped Dithmenos.
Dithmenos was exalted by your worship.
You were not hungry.

You visited 1 branch You collected 41 gold pieces.

Inventory:

Hand weapons
 a - a +1 dagger (weapon)
Armour
 b - a +1 robe of cold resistance (worn)
Magical devices
 i - a wand of polymorph (16)
 k - a wand of teleportation (4)
Scrolls
 j - a scroll of blinking
 l - a scroll of fog
 n - a scroll of holy word
 r - a scroll of torment {unknown}
 s - a scroll of remove curse {unknown}
Potions
 c - a potion of might
 e - 4 potions of curing
 f - a potion of heal wounds
 g - a potion of haste
 h - 3 potions of magic
 p - 2 potions of cure mutation
Comestibles
 d - 2 bread rations
 m - 6 fruits
 t - 33 royal jellies


   Skills:
 + Level 10.5 Short Blades
 * Level 18.3 Dodging
 * Level 19.7 Stealth
 * Level 15.8 Spellcasting
 + Level 6.7 Conjurations
 + Level 12.1 Hexes
 + Level 7.9 Ice Magic
 - Level 5.6 Invocations


You had 29 spell levels left.
You knew the following spells:

 Your Spells              Type           Power        Failure   Level  Hunger
a - Corona                Hex            ######.      1%          1    None
b - Ensorcelled Hibernat  Hex/Ice        ######       1%          2    None
c - Confuse               Hex            ######..     1%          3    None
d - Tukima's Dance        Hex            ######..     1%          3    None
e - Dazzling Spray        Conj/Hex       ######..     1%          3    None


Dungeon Overview and Level Annotations

Branches:
Dungeon (1/1)

Altars:
Cheibriados
Dithmenos
Elyvilon
Fedhas
Gozag
Kikubaaqudgha
Makhleb
Nemelex Xobeh
Okawaru
Qazlal
Ru
Sif Muna
Trog
Vehumet
Xom
Yredelemnul
Zin
The Shining One
Jiyva
Lugonu


Innate Abilities, Weirdness & Mutations

You are tiny and cannot use many weapons and most armour.
You have supernaturally acute eyesight.
You are a herbivore.
You cover ground extremely quickly.
You need consume almost no food.
You have sharp toenails.
Your mind is acute. (Int +2)
Your muscles are strong. (Str +2)


Message History

The anaconda constricts you. The anaconda completely misses you.
The black mamba completely misses you.
You hit the anaconda but do no damage.
You claw the anaconda, but do no damage.
The anaconda closely misses you. The anaconda constricts you.
The anaconda misses you. The black mamba misses you.
Unknown command.
Your attempt to break free from the anaconda fails, but you feel that another attempt might succeed.
The anaconda completely misses you. The anaconda constricts you.
The anaconda closely misses you. The black mamba bites you!
You emit a cloud of dark smoke.
You are poisoned.
The black mamba poisons you! The anaconda closely misses you.
The anaconda constricts you. The anaconda closely misses you.
The black mamba completely misses you.
Your attempt to break free from the anaconda fails, but you feel that another attempt might succeed.
You feel sick. The anaconda completely misses you.
* * * LOW HITPOINT WARNING * * *
The anaconda constricts you. The anaconda bites you!
You die...

♣♣.##.##.)#≈..+#######
♣♣.##.#####...#....))#
♣.....##......#♣♣♣._)#
########'#############
#...÷.......##
#....%.......#
###########§.#
......SS§§§#
......S@§.##
.##########


You could see 2 anacondas and a black mamba.

Vanquished Creatures
  Maud (D)
  Josephine (D)
  2 hydras (D)
  4 anacondas (D)
  A centaur warrior (D)
  A spriggan druid (D)
  An unseen horror (D)
  A death drake (D)
  A lindwurm (D)
  A black mamba (D)
  2 spiny frogs (D)
  A komodo dragon (D)
  3 wandering mushrooms (D)
  A deep elf priest (D)
  A queen bee (D)
  A shadow (D)
  3 redbacks (D)
  2 spriggans (D)
  A spatial vortex (D)
  2 water moccasins (D)
  2 centaurs (D)
  A necrophage (D)
  An earth elemental (D)
  A water elemental (D)
  2 brain worms (D)
  32 killer bees (D)
  A wizard (D)
  A jelly (D)
  An electric eel (D)
  Jessica (D)
  A necromancer (D)
  A kobold demonologist (D)
  3 humans (D)
  3 adders (D)
  An ooze (D)
  A phantom (D)
  2 rats (D)
86 creatures vanquished.

Vanquished Creatures (others)
  2 draconian scorchers (D)
  2 yaktaurs (D)
4 creatures vanquished.

Grand Total: 90 creatures vanquished

Notes
Turn   | Place    | Note
--------------------------------------------------------------
     0 | D        | Kidiri the Spriggan Enchanter began the quest for the Orb.
     0 | D        | Reached XP level 1. HP: 9/9 MP: 5/5
     9 | D        | Reached skill level 5 in Stealth
    15 | D        | Noticed Jessica
    18 | D        | Killed Jessica
    18 | D        | Reached skill level 5 in Dodging
    18 | D        | Reached skill level 6 in Stealth
    18 | D        | Reached XP level 2. HP: 13/13 MP: 6/8
    18 | D        | Reached XP level 3. HP: 16/16 MP: 6/9
    82 | D        | Learned a level 2 spell: Ensorcelled Hibernation
    87 | D        | Learned a level 3 spell: Confuse
   105 | D        | Learned a level 3 spell: Tukima's Dance
   107 | D        | Reached skill level 7 in Stealth
   175 | D        | Killed a white draconian scorcher
   191 | D        | Killed a white draconian scorcher
   239 | D        | Gained mutation: Your magical capacity is low (-10% MP). [potion of mutation]
   239 | D        | Gained mutation: Your mind is acute. (Int +2) [potion of mutation]
   240 | D        | Lost mutation: Your magical capacity is low (-10% MP). [potion of mutation]
   240 | D        | Gained mutation: You have sharp toenails. [potion of mutation]
   240 | D        | Gained mutation: Your muscles are strong. (Str +2) [potion of mutation]
   336 | D        | Killed a yaktaur
   434 | D        | Noticed a water elemental
   437 | D        | Killed a water elemental
   437 | D        | Reached skill level 8 in Stealth
   437 | D        | Reached skill level 5 in Hexes
   437 | D        | Reached skill level 1 in Ice Magic
   437 | D        | Reached XP level 4. HP: 21/21 MP: 11/13
   455 | D        | Noticed a jelly
   456 | D        | Noticed a shadow
   502 | D        | Killed a shadow
   502 | D        | Reached skill level 9 in Dodging
   502 | D        | Reached skill level 10 in Stealth
   502 | D        | Reached XP level 5. HP: 24/24 MP: 14/16
   502 | D        | Reached XP level 6. HP: 28/28 MP: 14/17
   510 | D        | Learned a level 3 spell: Dazzling Spray
   546 | D        | Killed a jelly
   566 | D        | Found a stormy altar of Qazlal.
   566 | D        | Found a sacrificial altar of Ru.
   566 | D        | Found a burning altar of Makhleb.
   566 | D        | Found a shimmering altar of Xom.
   566 | D        | Noticed a spatial vortex
   567 | D        | Found a viscous altar of Jiyva.
   567 | D        | Found a shadowy altar of Dithmenos.
   567 | D        | Found a sparkling altar of Nemelex Xobeh.
   567 | D        | Found a corrupted altar of Lugonu.
   567 | D        | Found an opulent altar of Gozag.
   571 | D        | Became a worshipper of Dithmenos the Shadowed
   592 | D        | Killed a spatial vortex
   592 | D        | Reached skill level 5 in Short Blades
   592 | D        | Reached skill level 10 in Dodging
   592 | D        | Reached skill level 11 in Stealth
   592 | D        | Reached skill level 1 in Conjurations
   592 | D        | Reached skill level 1 in Invocations
   706 | D        | Found a radiant altar of Vehumet.
   707 | D        | Noticed a wizard
   714 | D        | Killed a wizard
   715 | D        | Found a deep blue altar of Sif Muna.
   715 | D        | Found an ancient bone altar of Kikubaaqudgha.
   771 | D        | Found a glowing silver altar of Zin.
   772 | D        | Found a glowing golden altar of the Shining One.
   772 | D        | Found a white marble altar of Elyvilon.
   772 | D        | Noticed a deep elf priest
   774 | D        | Killed a deep elf priest
   774 | D        | Reached skill level 12 in Stealth
   774 | D        | Reached XP level 7. HP: 32/32 MP: 18/20
   790 | D        | Found an iron altar of Okawaru.
   791 | D        | Found a bloodstained altar of Trog.
   791 | D        | Noticed a human
   791 | D        | Noticed a human
   797 | D        | Killed a human
   803 | D        | Killed a human
   843 | D        | Found a snail-covered altar of Cheibriados.
   843 | D        | Noticed a necrophage
   844 | D        | Found a basalt altar of Yredelemnul.
   844 | D        | Found a blossoming altar of Fedhas.
   844 | D        | Noticed a necromancer
   845 | D        | Killed a necrophage
   845 | D        | Acquired Dithmenos's first power
   845 | D        | Reached skill level 10 in Spellcasting
   845 | D        | Reached XP level 8. HP: 36/36 MP: 23/23
   846 | D        | Killed a necromancer
   867 | D        | Noticed Josephine
   869 | D        | Killed Josephine
   869 | D        | Reached skill level 14 in Stealth
   875 | D        | Noticed an earth elemental
   879 | D        | Killed an earth elemental
   888 | D        | Noticed a centaur
   888 | D        | Noticed a centaur warrior
   888 | D        | Noticed a centaur
   891 | D        | Killed a centaur
   891 | D        | Reached XP level 9. HP: 26/39 MP: 15/25
   899 | D        | Killed a centaur warrior
   899 | D        | Reached skill level 5 in Ice Magic
   899 | D        | Reached skill level 5 in Invocations
   901 | D        | Killed a centaur
   901 | D        | Acquired Dithmenos's second power
  1095 | D        | Noticed an unseen horror
  1097 | D        | Killed an unseen horror
  1097 | D        | Reached skill level 15 in Stealth
  1107 | D        | Noticed a killer bee
  1107 | D        | Noticed a killer bee
  1107 | D        | Noticed a killer bee
  1107 | D        | Noticed a killer bee
  1107 | D        | Noticed a killer bee
  1107 | D        | Noticed a killer bee
  1107 | D        | Noticed a killer bee
  1107 | D        | Noticed a killer bee
  1107 | D        | Noticed a killer bee
  1107 | D        | Noticed a killer bee
  1107 | D        | Noticed a killer bee
  1107 | D        | Noticed a killer bee
  1107 | D        | Noticed a killer bee
  1107 | D        | Noticed a killer bee
  1107 | D        | Noticed a killer bee
  1108 | D        | Noticed a killer bee
  1108 | D        | Noticed a killer bee
  1108 | D        | Noticed a killer bee
  1108 | D        | Noticed a killer bee
  1108 | D        | Noticed a killer bee
  1108 | D        | Noticed a killer bee
  1108 | D        | Noticed a killer bee
  1108 | D        | Noticed a killer bee
  1108 | D        | Noticed a killer bee
  1108 | D        | Noticed a queen bee
  1108 | D        | Noticed a killer bee
  1108 | D        | Noticed a killer bee
  1108 | D        | Noticed a killer bee
  1108 | D        | Noticed a killer bee
  1108 | D        | Noticed a killer bee
  1108 | D        | Noticed a killer bee
  1108 | D        | Noticed a killer bee
  1108 | D        | Noticed a killer bee
  1111 | D        | Killed a killer bee
  1113 | D        | Killed a killer bee
  1115 | D        | Killed a killer bee
  1117 | D        | Killed a killer bee
  1117 | D        | Acquired Dithmenos's third power
  1119 | D        | Killed a killer bee
  1121 | D        | Killed a killer bee
  1123 | D        | Killed a killer bee
  1127 | D        | Killed a killer bee
  1129 | D        | Killed a killer bee
  1131 | D        | Killed a killer bee
  1135 | D        | Killed a killer bee
  1135 | D        | Acquired Dithmenos's fourth power
  1137 | D        | Killed a killer bee
  1299 | D        | Killed a killer bee
  1300 | D        | Killed a killer bee
  1302 | D        | Killed a killer bee
  1304 | D        | Killed a killer bee
  1304 | D        | Reached XP level 10. HP: 44/44 MP: 22/27
  1308 | D        | Killed a killer bee
  1310 | D        | Killed a killer bee
  1312 | D        | Killed a killer bee
  1314 | D        | Killed a killer bee
  1316 | D        | Killed a killer bee
  1318 | D        | Killed a killer bee
  1320 | D        | Killed a killer bee
  1320 | D        | Reached skill level 16 in Stealth
  1322 | D        | Killed a killer bee
  1324 | D        | Killed a killer bee
  1326 | D        | Killed a killer bee
  1328 | D        | Killed a killer bee
  1349 | D        | Killed a yaktaur
  1465 | D        | Killed a killer bee
  1465 | D        | Reached skill level 10 in Hexes
  1469 | D        | Killed a killer bee
  1469 | D        | Killed a killer bee
  1470 | D        | Killed a killer bee
  1471 | D        | Killed a killer bee
  1473 | D        | Killed a queen bee
  1473 | D        | Reached skill level 15 in Dodging
  1635 | D        | Noticed a wandering mushroom
  1653 | D        | Noticed a wandering mushroom
  1653 | D        | Noticed a wandering mushroom
  1654 | D        | Killed a wandering mushroom
  1654 | D        | Reached skill level 5 in Conjurations
  1656 | D        | Killed a wandering mushroom
  1657 | D        | Killed a wandering mushroom
  1698 | D        | Noticed a spiny frog
  1698 | D        | Noticed a komodo dragon
  1698 | D        | Noticed a spiny frog
  1701 | D        | Killed a spiny frog
  1702 | D        | Killed a komodo dragon
  1702 | D        | Reached skill level 17 in Stealth
  1706 | D        | Killed a spiny frog
  1904 | D        | Noticed a redback
  1906 | D        | Killed a redback
  1907 | D        | Noticed a brain worm
  1911 | D        | Killed a brain worm
  1917 | D        | Noticed a brain worm
  1919 | D        | Killed a brain worm
  1924 | D        | Noticed a lindwurm
  1926 | D        | Noticed a redback
  1927 | D        | Killed a lindwurm
  1929 | D        | Killed a redback
  1934 | D        | Noticed a redback
  1935 | D        | Killed a redback
  1936 | D        | Noticed Maud
  1938 | D        | Killed Maud
  1938 | D        | Reached skill level 18 in Stealth
  1938 | D        | Reached XP level 11. HP: 47/47 MP: 28/30
  1947 | D        | Noticed an electric eel
  1948 | D        | Noticed a six-headed hydra
  1948 | D        | Noticed a seven-headed hydra
  1949 | D        | Killed an electric eel
  1951 | D        | Killed a six-headed hydra
  1952 | D        | Killed a seven-headed hydra
  1987 | D        | Noticed a death drake
  1990 | D        | Killed a death drake
  1997 | D        | Found a blossoming altar of Fedhas.
  1997 | D        | Noticed a spriggan
  1997 | D        | Noticed a spriggan druid
  1997 | D        | Noticed a spriggan
  1999 | D        | Killed a spriggan druid
  1999 | D        | Reached skill level 15 in Spellcasting
  2000 | D        | Killed a spriggan
  2001 | D        | Killed a spriggan
  2029 | D        | Noticed an anaconda
  2029 | D        | Noticed an anaconda
  2029 | D        | Noticed a water moccasin
  2029 | D        | Noticed a black mamba
  2030 | D        | Noticed an anaconda
  2030 | D        | Noticed a water moccasin
  2031 | D        | Killed an anaconda
  2031 | D        | Reached skill level 10 in Short Blades
  2031 | D        | Reached skill level 19 in Stealth
  2032 | D        | Killed a water moccasin
  2037 | D        | Killed an anaconda
  2042 | D        | Killed an anaconda
  2044 | D        | Killed a black mamba
  2053 | D        | Killed a water moccasin
  2123 | D        | Noticed an anaconda
  2123 | D        | Noticed an anaconda
  2123 | D        | Noticed an anaconda
  2123 | D        | Noticed a black mamba
  2124 | D        | Killed an anaconda
  2130 | D        | Slain by an anaconda

Vault maps used:
D:        dungeon_sprint_mu

Action                   |  1- 3 |  4- 6 |  7- 9 | 10-12 || total
-------------------------+-------+-------+-------+-------++-------
Melee: Dagger            |    20 |    19 |    45 |    46 ||   130
 Cast: Ensorcelled Hiber |     4 |     4 |    19 |    19 ||    46
       Confuse           |     1 |     1 |     1 |       ||     3
       Dazzling Spray    |       |     4 |     7 |     7 ||    18
Invok: Shadow Step       |       |       |       |     7 ||     7
  Use: Scroll            |     5 |       |       |       ||     5
       Potion            |     2 |     1 |       |       ||     3
 Stab: Sleeping          |     5 |     3 |    21 |    42 ||    71
       Confused          |     1 |     1 |     2 |       ||     4
       Invisible         |       |       |     1 |       ||     1
       Distracted        |       |       |     1 |       ||     1
